 Dungeon Crawl Stone Soup version 0.26-a0-1213-gd52f5182fe (webtiles) character file.

Game seed: 3200319558895842480

37 DuloT34 the Grave Robber (level 3, -1/26 HPs)
             Began as a Ghoul Necromancer on Dec 30, 2020.
             Slain by a gnoll (3 damage)
             ... on level 2 of the Dungeon.
             The game lasted 00:03:46 (1632 turns).

DuloT34 the Grave Robber (Ghoul Necromancer)        Turns: 1632, Time: 00:03:46

Health: -1/26      AC:  3    Str: 11    XL:     3   Next: 39%
Magic:  5/5        EV: 12    Int: 11    God:
Gold:   73         SH:  0    Dex:  9    Spells: 6/7 levels left

rFire    . . .     SeeInvis .   (no weapon)
rCold    + . .     Faith    .   (no shield)
rNeg     + + +     Spirit   .   a - +0 robe
rPois    ∞         Reflect  .   (no helmet)
rElec    .         Harm     .   h - +0 cloak
rCorr    .         Rampage  .   (no gloves)
Will     .....                  (no boots)
Stlth    ++........             (no amulet)
HPRegen  0.00/turn              (no ring)
MPRegen  0.09/turn              (no ring)

@: mighty, brilliant, attractive
A: claws 1, cold resistance 1, negative energy resistance 3, inhibited
regeneration, torment resistance, unbreathing
a: no special abilities


You were on level 2 of the Dungeon.
You visited 1 branch of the dungeon, and saw 2 of its levels.

You collected 73 gold pieces.

Inventory:

Armour
 a - a +0 robe (worn)
 h - a +0 cloak (worn)
Scrolls
 e - 3 scrolls of remove curse


   Skills:
 - Level 1.7 Dodging
 - Level 2.1 Stealth
 + Level 2.5 Spellcasting
 + Level 4.6 Necromancy


You had 6 spell levels left.
You knew the following spells:

 Your Spells              Type           Power        Failure   Level
a - Pain                  Necr           68%          4%          1

Your spell library contained the following spells:

 Spells                   Type           Power        Failure   Level
 Animate Skeleton         Necr           34%          4%          1
 Vampiric Draining        Necr           8%           13%         3
 Animate Dead             Necr           8%           38%         4
 Agony                    Necr           17%          75%         5


Dungeon Overview and Level Annotations

Branches:
Dungeon (2/15)

Altars:
Xom


Innate Abilities, Weirdness & Mutations

You thrive by killing the living.
You are immune to poison.
You have sharp fingernails.
Your flesh is cold resistant. (rC+)
You are immune to negative energy. (rN+++)
You do not regenerate when monsters are visible.
You are immune to unholy pain and torment.
You can survive without breathing.


Message History

The plant is lightly damaged.
You scratch the plant but do no damage.
The plant is lightly damaged.
Cornered, the gnoll turns to fight!
As you read the scroll labelled SARORI SAMI, it crumbles to dust.
It is a scroll of identify.
e - 3 scrolls of remove curse A nearby plant withers and dies.
Okay, then.
It was a potion of brilliance.
You feel clever all of a sudden. The gnoll hits you but does no damage.
Okay, then.
It was a potion of might.
You feel very mighty all of a sudden. The gnoll misses you.
It was a potion of attraction.
You feel attractive to monsters. The gnoll hits you.
You die...

..##÷.....# #.# #.#..♣....g......
..........###.###.####..###♣.....
#####.........##...####.# #.....
#..######.#.#.#.#♣♣.# ♣#♣#♣#
#..######..#..##♣PP.♣# #.#
#.........♣♣♣## ♣P...# #.#
##...######♣. ♣♣g.P♣# #.#
##.....## ♣P♣♣♣♣..♣♣# ##.#
##.......## ♣@.♣P.♣♣ ##..#
##.........###♣♣PgPg..♣ ####...#
.'^........'...♣♣...♣..♣ ♣.......
##.........####.♣♣P♣PPP♣ ♣♣##...#
#.........## ##..♣♣♣PPP. ###...
♣.##.....## ##.♣ ..P.P #.....
..###...## #.# ♣♣♣..♣#.#... ♣##
##+## #.# ♣♣##.#### #.# #.# #.# #


You could see 2 gnolls.

Vanquished Creatures
  An ooze (D:1)
  A worm (D:2)
  A dart slug (D:1)
  A leopard gecko (D:1)
  A giant cockroach (D:2)
  2 goblins
  4 hobgoblins (D:1)
  A quokka (D:2)
  7 bats
  3 kobolds
  3 rats
25 creatures vanquished.

Vanquished Creatures (others)
  3 plants (D:2)
3 creatures vanquished.

Grand Total: 28 creatures vanquished

Notes
Turn   | Place    | Note
-------+----------+-------------------------------------------
     0 | D:1      | DuloT34 the Ghoul Necromancer began the quest for the Orb.
     0 | D:1      | Reached XP level 1. HP: 14/14 MP: 2/2
   292 | D:1      | Found a shimmering altar of Xom.
   308 | D:1      | Reached XP level 2. HP: 17/20 MP: 2/4
   701 | D:1      | Reached XP level 3. HP: 26/26 MP: 1/5
  1632 | D:2      | Slain by a gnoll

Illustrated notes

Levels and vault maps discovered:
D:1:      lemuel_arrival_muddy, layout_rooms, grunt_decor_clamped,
          chequers_serial_rivers_micro_e, minmay_misc_feat_chi, xom_teletrap_fun
D:2:      layout_loops_corners, serial_forest, infiniplex_forest_zigzag_1,
          infiniplex_forest_lined_room_2, infiniplex_forest_split,
          infiniplex_forest_fountain, infiniplex_forest_clump_medium,
          infiniplex_forest_straight_2, chequers_ecumenical_altar_lobes,
          minmay_misc_feat_secret_circle, uniq_terence

Skill      XL: |  1 |
---------------+----+-----
Spellcasting   | 2 |  2.5
Dodging        | |  1.7
Stealth        | |  2.1
Necromancy     | |  4.6

Action                   || total
-------------------------++-------
Melee: Unarmed           ||    52
 Cast: Pain              ||    49
  Use: Scroll            ||     3
       Potion            ||     3
 Stab: Sleeping          ||     2
Armor: Robe              ||    18
Dodge: Dodged            ||    41

Table legend: (Time is in decaauts)
 A = Elapsed time spent in this place.
 B = Non-inter-level travel time spent in this place.
 C = Inter-level travel time spent in this place.
 D = Time resting spent in this place.
 E = Time spent auto-exploring this place.
 F = Levels seen in this place.
 G = Mean time per level.
                   A        B        C        D        E       F      G
               +--------+--------+--------+--------+--------+-----+--------+
         Total |   1632 |   1608 |     24 |    408 |    904 |   2 |  816.0 |
       Dungeon |   1632 |   1608 |     24 |    408 |    904 |   2 |  816.0 |
               +--------+--------+--------+--------+--------+-----+--------+

Top non-repeatable levels by time:
     D:1: 890 daAuts
     D:2: 742 daAuts
